Jonadab, neutral male gnomish Wizard -------- ----- ------ |......| +..(.# |.%<..# |#......# |...|# |....|#########.......|# |...|# |.....# ------|-# #....|# --.---# # # #-----# ###`############## ############*########### # ## # # # # # # # # ####### # ###---.------------ # #...............| ### |..............| # ... |..............| ###|..>.. ---------------- #....II |..... ---- Jonadab the Conjurer Experience level: 4 Strength: 5 Dexterity: 17 Constitution: 12 Intelligence: 19 Wisdom: 7 Charisma: 10 Health: 0(28) Energy: 27(27) Def: 3 Gold: 192 Moves: 1449 Dungeon seed: ywgpbNUKruVcYk6c Game ID: Jonadab_1497211197 Your Inventory: Coins $ - 192 gold pieces Weapons a - a blessed +1 quarterstaff (weapon in hands) Armor e - an uncursed +0 cloak of magic resistance (being worn) q - a blessed +1 orcish helm (being worn) Comestibles t - 3 uncursed food rations Scrolls i - 2 uncursed scrolls of destroy armor j - a cursed scroll of teleportation Spellbooks k - a blessed spellbook of force bolt l - an uncursed spellbook of light n - a cursed spellbook of force bolt Potions f - a blessed potion of invisibility g - a blessed potion of healing h - a cursed potion of speed Rings c - an uncursed +2 ring of protection d - an uncursed ring of teleportation u - an uncursed ring of poison resistance Wands b - an uncursed wand of undead turning (0:7) Tools m - an uncursed tin whistle s - an uncursed stethoscope Gems y - an uncursed worthless piece of yellow glass Spells and supernatural/magical abilities: Name Level Category Fail Memory a - force bolt 1 attack 0% 93% l - light 1 divination 0% 93% W - pray for help -- divine ? -- Your skills at the end: Fighting Skills Weapon Skills quarterstaff [Basic] Spellcasting Skills attack spells [Basic] enchantment spells [Basic] Final Attributes: You were haltingly aligned. You were magic-protected. You were blinded. You had infravision. You were lucky. You are dead. Vanquished creatures: a kitten an acid blob a coyote a gas spore 3 large kobolds a brown mold a red mold 2 jackals a fox a goblin a sewer rat 2 lichens a kobold zombie a newt 18 creatures vanquished. Voluntary challenges: You were an atheist. You used a wielded weapon 22 times, starting on turn 3. You read items or engraved 2 times, starting on turn 18. You never genocided any monsters. You never polymorphed an object. You never changed form. You used no wishes. You never split a pudding. You never wrote Elbereth's name. You violated your moral code, losing 24 points of alignment, starting on turn 1. Dungeon overview: The Dungeons of Doom: levels 1 to 3 Level 1 a long staircase Level 2 <- You were here a sink Level 3 History has recorded: On T:1 you entered the Dungeons of Doom to retrieve the Amulet of Yendor! On T:1 you advanced to experience level 2. On T:3 you advanced to experience level 3. On T:973 you advanced to experience level 4. On T:1012 you reached level 2 of The Dungeons of Doom. On T:1349 you reached level 3 of The Dungeons of Doom. Score breakdown: Gold: 192 ( 7774 points) Experience: 4 levels ( 9649 points) Exploration: 3 levels ( 6.00%) ( 6060 points) Discoveries: 3 items ( 1.04%) ( 3061 points) Valuables value: (no points given unless you survive) Artifact value: 0 ( 0 points) Variety of kills: 14 monsters ( 3.67%) ( 5750 points) Turncount: 1449 turns ( 0 points) Survival: died (score multiplied by 80%) Total score: 25835 Latest messages: You finish eating the fortune cookie. This cookie has a scrap of paper inside. What a pity that you cannot read it! You sense a monster nearby! There's still a monster there. You attack thin air. You sense a monster nearby! There's still a monster there. You attack thin air. You sense a monster nearby! There's still a monster there. You attack thin air. You stop searching. It bites! You hit it. It misses. It bites! You miss it. It bites! You attack thin air. Wait! There's something there you can't see! It bites! (2x) You miss it. It bites! (2x) You miss it. It bites! You die... Final status: Goodbye Jonadab the Wizard, killed by a giant bat... You died in The Dungeons of Doom on dungeon level 2 with 25835 points, and 192 pieces of gold, after 1449 moves. You were level 4 with a maximum of 28 hit points when you died.